 Dungeon Crawl Stone Soup version 0.20.1-1-g8b1a95d (console) character file.

260 hilaritas the Covert (level 5, -4/38 HPs)
             Began as a Vampire Assassin on Oct 22, 2017.
             Killed by divine providence
             ... invoked by an orc priest
              (13 damage)
             ... on level 4 of the Dungeon.
             The game lasted 00:08:30 (3280 turns).

hilaritas the Covert (Vampire Assassin)             Turns: 3280, Time: 00:08:31

Health: -4/38      AC:  4    Str: 11    XL:     5   Next: 95%
Magic:  5/5        EV: 12    Int: 14    God:
Gold:   124        SH:  0    Dex: 15    Spells: 4/4 levels left

rFire    . . .     SeeInvis +   a - +3 dagger
rCold    . . .     Gourm    .   (no shield)
rNeg     + . .     Faith    .   c - +0 robe
rPois    .         Spirit   .   (no helmet)
rElec    .         Reflect  .   d - +1 cloak
rCorr    .         Harm     .   (no gloves)
MR       .....                  (no boots)
Stlth    ++++......             (no amulet)
Regen    0.2/turn               (no ring)
MPRegen  0.1/turn               (no ring)

@: no status effects
A: fangs 3, see invisible, unbreathing
a: Bat Form


You were on level 4 of the Dungeon.
You were not thirsty.

You visited 1 branch of the dungeon, and saw 4 of its levels.

You collected 124 gold pieces.

Inventory:

Hand Weapons
 a - a +3 dagger (weapon)
 b - a +0 blowgun
 x - a +0 dagger
Missiles
 e - 15 poisoned needles
 f - 2 curare-tipped needles
Armour
 c - a +0 robe (worn)
 d - a +1 cloak (worn)
Scrolls
 h - 2 scrolls of identify
 j - a scroll of remove curse
 n - 3 scrolls of enchant weapon
 w - 2 scrolls of fear
Potions
 g - 18 potions of blood
 i - 2 potions of lignification
 m - 2 potions of heal wounds {unknown}
 p - a potion of degeneration {unknown}
 q - a potion of ambrosia {unknown}
 t - a potion of cancellation {unknown}
 v - a potion of brilliance {unknown}
 z - a potion of mutation {unknown}


   Skills:
 - Level 1.7 Fighting
 + Level 5.2 Short Blades
 - Level 1.5 Throwing
 * Level 1.7 Dodging
 + Level 8.5 Stealth


You had 4 spell levels left.
You didn't know any spells.

Dungeon Overview and Level Annotations

Branches:
Dungeon (4/15)
 Temple: D:4-7

Altars:
Elyvilon
Kikubaaqudgha
Nemelex Xobeh
Zin


Innate Abilities, Weirdness & Mutations

You have razor-sharp teeth.
You have supernaturally acute eyesight. (SInv)
You can survive without breathing.


Message History

You hit the orc priest.
The orc priest is lightly wounded.
The orc priest begins to cast a cantrip, but forgets the words!
You hit the orc priest but do no damage.
The orc priest is lightly wounded.
The orc priest hits you with a whip.
You hit the orc priest but do no damage.
The orc priest is lightly wounded.
The orc priest hits you with a whip.
* * * LOW HITPOINT WARNING * * *
You hit the orc priest but do no damage.
The orc priest is lightly wounded.
You hit the orc priest. You bite the orc priest.
The orc priest is heavily wounded.
The orc priest hits you but does no damage.
You hit the orc priest but do no damage.
The orc priest is heavily wounded.
The orc priest calls down the wrath of Beogh upon you.
Beogh smites you!
You die...

.## .. #####
.# # #
.#.##.##.##
#.
)..o....$#
#.#
#h......#
#..##ao....#
#.@#.go_.#
##$o######
##....#
#........
#........
#########


You could see an orc priest.

Vanquished Creatures
  2 howler monkeys (D:4)
  An orc wizard (D:4)
  A worker ant (D:4)
  3 adders
  A gnoll (D:4)
  3 worms
  3 dart slugs
  3 leopard geckos
  8 bats
  4 giant cockroaches
  6 goblins
  11 hobgoblins
  13 jackals
  5 kobolds
  A quokka (D:2)
  A ball python (D:3)
  4 frilled lizards
  6 rats
76 creatures vanquished.

Notes
Turn   | Place    | Note
-------+----------+-------------------------------------------
     0 | D:1      | hilaritas the Vampire Assassin began the quest for the Orb.
     0 | D:1      | Reached XP level 1. HP: 16/16 MP: 1/1
    84 | D:1      | Reached skill level 6 in Stealth
   221 | D:1      | Reached XP level 2. HP: 20/22 MP: 2/2
   902 | D:1      | Reached skill level 7 in Stealth
  1046 | D:1      | Reached XP level 3. HP: 27/27 MP: 3/3
  1927 | D:2      | Reached XP level 4. HP: 33/33 MP: 4/4
  2398 | D:3      | Found a white marble altar of Elyvilon.
  2453 | D:3      | Found a glowing silver altar of Zin.
  2591 | D:3      | Found an ancient bone altar of Kikubaaqudgha.
  3002 | D:3      | Reached skill level 8 in Stealth
  3006 | D:3      | Found a white marble altar of Elyvilon.
  3229 | D:4      | Found a sparkling altar of Nemelex Xobeh.
  3230 | D:4      | Reached XP level 5. HP: 38/38 MP: 5/5
  3251 | D:4      | Reached skill level 5 in Short Blades
  3280 | D:4      | Killed from afar by an orc priest

Skill      XL: |  1  2  3  4  5 |
---------------+----------------+-----
Stealth        | 6 7 8 |  8.5
Short Blades   | 3 4 5 |  5.2
Fighting       | |  1.7
Throwing       | |  1.5
Dodging        | |  1.7

Action                   |  1- 3 |  4- 6 || total
-------------------------+-------+-------++-------
Melee: Dagger            |   147 |   124 ||   271
       Bite              |    14 |     7 ||    21
  Use: Scroll            |       |     9 ||     9
 Stab: Sleeping          |     8 |     8 ||    16
       Distracted        |     2 |       ||     2
  Eat: Corpse            |     6 |     4 ||    10
Armor: Robe              |    45 |    12 ||    57
Dodge: Dodged            |   105 |    70 ||   175
